 Dungeon Crawl Stone Soup version 0.29-a0-845-g6161e89988 (webtiles) character file.

Game seed: 8654650659999281108

199337 HoaS the Crack Shot (level 18, -1/131 HPs)
             Began as a Tengu Hunter on July 15, 2022.
             Was the Champion of Makhleb.
             Killed from afar by a nagaraja (33 damage)
             ... with a poison arrow
             ... on level 4 of the Snake Pit.
             The game lasted 01:24:24 (27625 turns).

HoaS the Crack Shot (Tengu Hunter)                 Turns: 27625, Time: 01:24:25

Health: -1/131     AC: 15    Str: 13    XL:     18   Next: 92%
Magic:  0/19       EV: 46    Int: 13    God:    Makhleb [******]
Gold:   1493       SH:  0    Dex: 39    Spells: 17/17 levels left

rFire   . . .      SeeInvis +   n - +8 longbow "Zephyr" {speed, Dex+3 SInv}
rCold   . . .      Faith    .   (shield currently unavailable)
rNeg    . . .      Spirit   +   x - +5 steam dragon scales
rPois   .          Reflect  .   K - +0 hat {Int+3}
rElec   .          Harm     .   k - +2 cloak
rCorr   .          Rampage  .   N - +1 pair of gloves
Will    +....      NoTele   +   (boots unavailable)
Stlth   +++.......              h - amulet of guardian spirit
HPRegen 0.31/turn               H - +6 ring of dexterity
MPRegen 0.16/turn               L - +6 ring of dexterity

@: lethally poisoned (-1 -> -45), untranslocatable, flying quickly and
evasively, slowed, constricted, very slow
A: beak, talons 3, nimble flight
a: Renounce Religion, Minor Destruction, Lesser Servant of Makhleb, Major
Destruction, Greater Servant of Makhleb


You were on level 4 of the Snake Pit.
You worshipped Makhleb.
Makhleb was exalted by your worship.
You visited 4 branches of the dungeon, and saw 27 of its levels.
You also visited: Sewer, Ossuary, Ice Cave and Volcano.

You collected 2886 gold pieces.
You spent 1393 gold pieces at shops.

Inventory:

Hand Weapons
 n - the +8 longbow "Zephyr" (weapon) {speed, Dex+3 SInv}
   (You acquired it on level 5 of the Dungeon)

   Attacks with this weapon are significantly faster.
   Dex:       It affects your dexterity (+3).
   SInv:      It lets you see invisible.
Missiles
 u - 2 throwing nets
Armour
 k - a +2 cloak (worn)
 x - +5 steam dragon scales (worn)
 E - a scarf of resistance
 K - a +0 hat of intelligence (worn)
 N - a +1 pair of gloves (worn)
Jewellery
 h - an amulet of guardian spirit (around neck)
 l - a ring of willpower
 r - a ring of poison resistance
 t - a ring of protection from cold
 z - a ring of protection from fire
 G - a ring of fire
 H - a +6 ring of dexterity (left hand)
 J - a ring of resist corrosion
 L - a +6 ring of dexterity (right hand)
 O - a ring of ice
Wands
 c - a wand of roots (17)
 e - a wand of paralysis (27)
 s - a wand of quicksilver (13)
 B - a wand of flame (11)
 P - a wand of digging (15)
 R - a wand of polymorph (2)
 U - a wand of mindburst (4)
Scrolls
 b - 7 scrolls of immolation
 j - 5 scrolls of blinking
 m - 18 scrolls of teleportation
 o - 3 scrolls of fog
 y - 7 scrolls of fear
 C - 3 scrolls of poison
 D - 4 scrolls of enchant weapon
 I - a scroll of summoning
 M - 2 scrolls of silence
 Q - 5 scrolls of identify
 T - 4 scrolls of magic mapping
Potions
 a - 3 potions of attraction
 d - 7 potions of mutation
 f - 8 potions of lignification
 g - 14 potions of curing
 i - 5 potions of resistance
 p - 5 potions of might
 q - 3 potions of haste
 v - a potion of heal wounds
 w - 3 potions of invisibility
 A - a potion of cancellation
 F - 5 potions of ambrosia
 S - 2 potions of berserk rage


   Skills:
 + Level 20.7 Fighting
 - Level 22.0 Ranged Weapons
 + Level 19.2 Dodging
 - Level 1.0 Stealth


You had 17 spell levels left.
You didn't know any spells.
Your spell library contained the following spells:

 Spells                   Type           Power      Damage    Failure   Level
 Ensorcelled Hibernation  Hex/Ice        0%         N/A       43%         2
 Scorch                   Fire           0%         2d5       43%         2
 Sublimation of Blood     Necr           0%         N/A       43%         2
 Wereblood                Tmut           0%         N/A       43%         2
 Call Canine Familiar     Summ           0%         N/A       67%         3
 Conjure Flame            Conj/Fire      0%         6-21      67%         3
 Ignite Poison            Fire/Tmut/Pois 0%         N/A       67%         3
 Ozocubu's Armour         Ice            0%         N/A       67%         3
 Portal Projectile        Hex/Tloc       0%         N/A       67%         3
 Spider Form              Tmut/Pois      0%         N/A       67%         3
 Swiftness                Air            0%         N/A       67%         3
 Airstrike                Air            0%         0-1+      97%         4
 Anguish                  Hex/Necr       0%         N/A       97%         4
 Corpse Rot               Necr/Pois/Air  0%         N/A       97%         4
 Flame Wave               Conj/Fire      0%         2d4       97%         4
 Leda's Liquefaction      Hex/Erth       0%         N/A       97%         4
 Sticky Flame             Conj/Fire      0%         2d3       97%         4
 Fireball                 Conj/Fire      0%         3d3       100%        5
 Lee's Rapid Deconstruct  Erth           0%         3d5*      100%        5
 Silence                  Hex/Air        0%         N/A       100%        5
 Conjure Ball Lightning   Conj/Air       0%         3x3d6     100%        6
 Starburst                Conj/Fire      0%         6d3       100%        6
 Statue Form              Tmut/Erth      0%         N/A       100%        6
 Summon Cactus Giant      Summ           0%         N/A       100%        6
 Ozocubu's Refrigeration  Ice            0%         4d5       100%        7
 Summon Hydra             Summ           0%         N/A       100%        7
 Discord                  Hex            0%         N/A       100%        8
 Disjunction              Tloc           0%         N/A       100%        8
 Ignition                 Fire           0%         3d3       100%        8
 Chain Lightning          Conj/Air       0%         N/A       100%        9
 Fire Storm               Conj/Fire      0%         5d1       100%        9
 Shatter                  Erth           0%         3d5*      100%        9


Dungeon Overview and Level Annotations

Branches:
Dungeon (15/15)            Temple (0/1) D:7            Lair (6/6) D:10
 Shoals (0/4) Lair:3        Snake (4/4) Lair:2        Slime (0/5) Lair:5
    Orc (2/2) D:10            Elf (0/3) Orc:2        Vaults (0/5) D:13
 Depths (0/4) D:15          Sewer (visited)         Ossuary (visited)
  IceCv (visited)         Volcano (visited)

Altars:
Cheibriados
Fedhas
Kikubaaqudgha
Makhleb
Okawaru
Ru
Vehumet
Xom
Jiyva

Shops:
D:7 (   D:10 ?   D:11 !   D:12 :   D:13 =   Orc:1 *   Orc:2 (***   Snake:2 ((:(

Annotations:
D:13 exclusion: 4 oklob plants


Innate Abilities, Weirdness & Mutations

You have a beak for a mouth.
You have claws for feet.
Your magical nature lets you fly swiftly and evasively.


Message History

You feel as though you will be slow longer.
The sea snake completely misses you.
The guardian serpent casts a spell at you.
The bolt of poison misses you. The nagaraja spits poison at you.
The splash of poison misses you.
The splash of poison hits the sea snake!
The sea snake looks as sick as possible!
The nagaraja constricts you!
The nagaraja hits you with a +0 halberd of venom!
You are more poisoned.
The nagaraja points at you and mumbles some strange words.
You barely resist.
The naga sharpshooter gestures wildly while chanting.
The naga sharpshooter magically shoots a bolt.
The bolt hits you!!
* * * LOW HITPOINT WARNING * * *
The guardian serpent completely misses you.
The guardian serpent barely misses you. The sea snake completely misses you.
You feel much better.
You feel extremely sick.
The sea snake dies!
The guardian serpent casts a spell at you.
You feel as though you will be slow longer.
The guardian serpent completely misses you.
The nagaraja spits poison at you. The splash of poison misses you.
The splash of poison hits the guardian serpent but does no damage.
The guardian serpent casts a spell at you.
The naga sharpshooter blinks!
The nagaraja completely misses you. The nagaraja constricts you.
* * * LOW HITPOINT WARNING * * *
The nagaraja points at you and mumbles some strange words.
You feel more firmly anchored in space.
The guardian serpent completely misses you.
The guardian serpent misses you. The nagaraja casts a spell at you.
The poison arrow hits you!!
You are lethally poisoned!
You die... #......#..)) ..≈≈≈≈≈≈.≈##.....##)). #.≈≈≈≈≈≈.≈≈##....##.## .≈≈≈≈...≈≈≈#.#.####.. ....§≈≈≈≈##...## ### ≈≈≈.≈≈≈ #.#.#.# # #≈S.≈# ##...## # #SNS#

###...# # #@N#
##)...## #
#NN###....### ##
####.....####.# #.
#..##..)#####.#####.
#...#####...........
#...................
#.#########.....###.
#.# #####.# ## #.#
##.## #


You could see 3 nagarajas, a naga sharpshooter and 3 guardian serpents.

Vanquished Creatures
  Vashnia (Snake:3)
  The ghost of inmateoo the Brawler, an adept TrMo of Cheibriados (Snake:3)
  A storm dragon (D:15)
  The ghost of Keycw the Geomancer, an adept GrEE of Vehumet (D:15)
  2 tengu reavers
  5 nagarajas
  Roxanne (Snake:3)
  A minotaur (D:15)
  The ghost of Itiwer the Nimble, a journeyman DjIE of Makhleb (Lair:3)
  2 ettins (D:15)
  Josephine (Lair:4)
  3 yaktaur captains
  A vault guard (D:13)
  An ogre mage (Volcano)
  10 boulder beetles
  14 hydras
  Erolcha (D:10)
  A salamander tyrant (Snake:3)
  5 centaur warriors
  10 anacondas
  12 two-headed ogres
  2 catoblepae
  A deep troll shaman (Lair:6)
  8 naga warriors
  2 tengu warriors (D:15)
  3 orc high priests (Orc:2)
  The ghost of Kyverph the Destroyer, a journeyman DECj of Sif Muna (Lair:2)
  7 shock serpents
  10 death yaks
  14 naga sharpshooters
  2 hell knights
  Sonja (Lair:3)
  5 skeletal warriors
  A fire crab (shapeshifter) (D:13)
  2 salamander mystics
  2 deep trolls (D:15)
  A fire crab (D:13)
  9 naga ritualists
  6 orc knights
  4 sea snakes
  Pikel (D:7)
  3 wizards (D:15)
  A necromancer (D:15)
  12 mana vipers
  5 deep elf pyromancers
  26 ugly things
  An oklob plant (D:10)
  A wolf spider (D:15)
  5 orc sorcerers
  12 salamanders
  6 manticores
  7 cyclopes
  29 elephants
  2 molten gargoyles (Volcano)
  35 black mambas
  7 guardian serpents
  3 gargoyles
  12 naga magi
  A torpor snail (Lair:5)
  19 cane toads
  3 unseen horrors
  14 komodo dragons
  A rime drake (shapeshifter) (D:13)
  2 freezing wraiths
  4 kobold demonologists
  An entropy weaver simulacrum (Lair:3)
  3 ice devils (Lair:3)
  2 tengu conjurers
  9 rime drakes
  A yaktaur (D:15)
  3 efreet
  10 trolls
  3 meliai (D:13)
  A queen bee (D:13)
  9 polar bears
  A polar bear (shapeshifter) (D:13)
  11 slime creatures
  2 hornets (D:9)
  17 blink frogs
  8 dream sheep
  5 shadows
  A vampire (D:13)
  40 yaks
  2 wyverns
  5 wraiths
  A spectral komodo dragon (Lair:2)
  3 basilisks
  2 fire bats (Volcano)
  A death yak simulacrum (Lair:2)
  3 steam dragons
  9 vampire mosquitoes
  A warg (shapeshifter) (D:14)
  A harpy simulacrum (Lair:5)
  13 wargs
  34 nagas
  An acid dragon (D:13)
  3 hydra simulacra
  21 water moccasins
  39 orc warriors
  A boulder beetle simulacrum (Lair:3)
  4 ogres
  A black bear (Lair:6)
  2 black mamba simulacra
  10 centaurs
  35 wolves
  2 phantoms (D:10)
  4 lemures (D:7)
  5 kobold brigands
  10 bullfrogs
  An elf skeleton (D:5)
  An elf zombie (D:5)
  11 gnoll sergeants
  15 scorpions
  2 necrophages
  A cane toad simulacrum (Lair:2)
  8 wights
  A blink frog simulacrum (Lair:3)
  2 troll zombies (D:10)
  49 killer bees
  5 electric eels (Lair:1)
  7 howler monkeys (D:9)
  2 torpor snail simulacra (Lair:2)
  9 lava snakes (Volcano)
  4 gnoll boudas
  2 centaur zombies (Ossuary)
  3 hounds
  5 human zombies (Ossuary)
  A jelly (D:3)
  Crazy Yiuf (D:7)
  21 orc priests
  A human skeleton (D:5)
  4 iguanas
  Ijyb (D:5)
  2 scorpion zombies (Ossuary)
  30 orc wizards
  A spriggan simulacrum (Lair:3)
  4 ogre zombies (D:10)
  A hound skeleton (D:4)
  3 mummies (Ossuary)
  28 gnolls
  10 adders
  A naga simulacrum (Lair:3)
  2 shadow imps
  3 white imps
  2 ufetubi
  A worm (D:3)
  3 dart slugs
  88 orcs
  9 bats
  9 endoplasms
  3 giant cockroaches
  8 goblins
  9 hobgoblins
  A jackal (Sewer)
  6 quokkas
  4 ball pythons
  3 frilled lizards
  2 goblin skeletons (D:10)
  4 goblin zombies (Ossuary)
  A hobgoblin skeleton (D:10)
  6 hobgoblin zombies
  17 kobolds
  A kobold zombie (Ossuary)
  5 orc skeletons
  13 orc zombies
  4 rats
  A bush (Lair:3)
1150 creatures vanquished.

Vanquished Creatures (others)
  A sea snake (Snake:4)
  A killer bee (D:13)
  An orc wizard (Orc:2)
  15 fungi
  28 plants
46 creatures vanquished.

Grand Total: 1196 creatures vanquished

Notes
Turn   | Place    | Note
-------+----------+-------------------------------------------
     0 | D:1      | HoaS the Tengu Hunter began the quest for the Orb.
     0 | D:1      | Reached XP level 1. HP: 12/12 MP: 2/2
    56 | D:1      | Reached XP level 2. HP: 17/17 MP: 3/3
    71 | D:1      | Reached skill level 5 in Ranged Weapons
   332 | D:1      | Reached XP level 3. HP: 21/21 MP: 4/4
   971 | D:2      | Reached skill level 6 in Ranged Weapons
   983 | D:2      | Found a shimmering altar of Xom.
  1103 | D:2      | Reached XP level 4. HP: 26/26 MP: 5/5
  1714 | D:3      | Noticed a necrophage
  1726 | D:3      | Killed a necrophage
  1727 | D:3      | Reached skill level 7 in Ranged Weapons
  1727 | D:3      | Gained mutation: Your magical nature lets you fly swiftly
                  | and evasively. [Tengu growth]
  1727 | D:3      | Reached XP level 5. HP: 5/30 MP: 6/6
  2458 | D:4      | Reached skill level 8 in Ranged Weapons
  2458 | D:4      | Reached XP level 6. HP: 23/35 MP: 7/7
  2495 | D:4      | Found a glowing drain.
  2504 | Sewer    | Entered a sewer
  2725 | Sewer    | Noticed a water moccasin
  2734 | Sewer    | Killed a water moccasin
  2986 | Sewer    | Got the Discourse on Vapourous Exhumation
  3364 | D:4      | Reached XP level 7. HP: 40/40 MP: 8/8
  3477 | D:4      | Reached skill level 9 in Ranged Weapons
  3696 | D:4      | Found a burning altar of Makhleb.
  3712 | D:4      | Became a worshipper of Makhleb the Destroyer
  3849 | D:5      | Entered Level 5 of the Dungeon
  3918 | D:5      | Noticed Ijyb
  4233 | D:5      | Found a sand-covered staircase.
  4250 | D:5      | Reached skill level 10 in Ranged Weapons
  4253 | Ossuary  | Entered an ossuary
  4516 | Ossuary  | Reached XP level 8. HP: 38/44 MP: 9/9
  4684 | Ossuary  | Reached skill level 11 in Ranged Weapons
  5098 | Ossuary  | Reached skill level 12 in Ranged Weapons
  5184 | Ossuary  | Reached * piety under Makhleb
  5340 | Ossuary  | Reached XP level 9. HP: 48/48 MP: 10/10
  5341 | Ossuary  | Reached skill level 13 in Ranged Weapons
  5417 | D:5      | Identified a scroll of acquirement
  5417 | D:5      | Acquired the +8 longbow "Zephyr" {speed, Dex+3 SInv}
  5417 | D:5      | Found the +8 longbow "Zephyr" {speed, Dex+3 SInv}
  5593 | D:5      | Killed Ijyb
  6205 | D:6      | Reached ** piety under Makhleb
  6229 | D:6      | Reached skill level 14 in Ranged Weapons
  6305 | D:6      | Found the +7 Throatcutter {drain, coup de grace}
  6378 | D:6      | Found a blossoming altar of Fedhas.
  6750 | D:7      | Found Banoo's Antique Weapon Shoppe.
  6873 | D:7      | Noticed Pikel
  7247 | D:7      | Found a staircase to the Ecumenical Temple.
  7494 | D:7      | Killed Pikel
  7495 | D:7      | Reached skill level 15 in Ranged Weapons
  7495 | D:7      | Reached XP level 10. HP: 53/53 MP: 11/11
  7621 | D:7      | Found a runed translucent door.
  7622 | D:7      | Noticed Crazy Yiuf
  7626 | D:7      | Killed Crazy Yiuf
  7682 | D:8      | Noticed a cyclops
  7690 | D:8      | Killed a cyclops
  7691 | D:8      | Reached skill level 16 in Ranged Weapons
  7740 | D:8      | Reached *** piety under Makhleb
  8444 | D:9      | Noticed a two-headed ogre
  8450 | D:9      | Killed a two-headed ogre
  8452 | D:9      | Noticed a deep elf pyromancer
  8456 | D:9      | Killed a deep elf pyromancer
  8457 | D:9      | Reached skill level 17 in Ranged Weapons
  8571 | D:9      | Reached **** piety under Makhleb
  8627 | D:9      | Reached XP level 11. HP: 53/57 MP: 12/12
  8650 | D:9      | Reached skill level 18 in Ranged Weapons
  9155 | D:9      | Noticed a two-headed ogre
  9191 | D:9      | Noticed a two-headed ogre
  9207 | D:9      | Killed a two-headed ogre
  9215 | D:9      | Reached skill level 19 in Ranged Weapons
  9285 | D:9      | Noticed a two-headed ogre
  9290 | D:9      | Killed a two-headed ogre
  9454 | D:9      | Noticed a two-headed ogre
  9508 | D:9      | Found a radiant altar of Vehumet.
  9535 | D:9      | Killed a two-headed ogre
  9572 | D:9      | Noticed a deep elf pyromancer
  9574 | D:9      | Noticed a two-headed ogre
  9578 | D:9      | Killed a two-headed ogre
  9579 | D:9      | Reached skill level 20 in Ranged Weapons
  9591 | D:9      | Killed a deep elf pyromancer
  9599 | D:9      | Noticed a two-headed ogre
  9606 | D:9      | Killed a two-headed ogre
  9607 | D:9      | Reached XP level 12. HP: 62/62 MP: 9/13
  9639 | D:9      | Killed a two-headed ogre
  9744 | D:9      | Reached ***** piety under Makhleb
  9885 | D:10     | Entered Level 10 of the Dungeon
  9908 | D:10     | Found an ancient bone altar of Kikubaaqudgha.
  9908 | D:10     | Found a sacrificial altar of Ru.
  9974 | D:10     | Reached skill level 21 in Ranged Weapons
 10067 | D:10     | Found a staircase to the Orcish Mines.
 10186 | D:10     | Found a staircase to the Lair.
 10733 | D:10     | Found Daet's Magic Scroll Emporium.
 10741 | D:10     | Bought a scroll of teleportation for 36 gold pieces
 10741 | D:10     | Bought a scroll of blinking for 90 gold pieces
 10741 | D:10     | Bought a scroll of teleportation for 36 gold pieces
 10751 | D:10     | Noticed Erolcha
 10756 | D:10     | Killed Erolcha
 10878 | D:10     | Reached skill level 22 in Ranged Weapons
 11043 | Lair:1   | Entered Level 1 of the Lair of Beasts
 12011 | Lair:2   | Found a runed translucent gate.
 12011 | Lair:2   | Found a runed translucent gate.
 12011 | Lair:2   | Found a runed translucent gate.
 12053 | Lair:2   | Reached XP level 13. HP: 72/72 MP: 14/14
 12123 | Lair:2   | Reached skill level 5 in Fighting
 12198 | Lair:2   | Reached skill level 5 in Dodging
 12280 | Lair:2   | Found a staircase to the Snake Pit.
 12780 | Lair:2   | Noticed Kyverph's ghost (journeyman DECj)
 12871 | Lair:2   | Killed Kyverph's ghost
 13011 | Lair:2   | Reached ****** piety under Makhleb
 13089 | Lair:3   | Found a staircase to the Shoals.
 13250 | Lair:3   | Found a runed translucent gate.
 13250 | Lair:3   | Found a runed translucent gate.
 13250 | Lair:3   | Found a runed translucent gate.
 13382 | Lair:3   | Noticed Sonja
 13385 | Lair:3   | Killed Sonja
 13443 | Lair:3   | Found a frozen archway.
 13511 | IceCv    | Entered an ice cave
 13777 | Lair:3   | Noticed Itiwer's ghost (journeyman DjIE)
 13855 | Lair:3   | Reached skill level 10 in Fighting
 13868 | Lair:3   | Reached XP level 14. HP: 88/88 MP: 15/15
 14199 | Lair:3   | Killed Itiwer's ghost
 14689 | Lair:4   | Noticed Josephine
 14694 | Lair:4   | Killed Josephine
 14840 | Lair:4   | Found an iron altar of Okawaru.
 15236 | Lair:5   | Reached skill level 10 in Dodging
 15456 | Lair:5   | Found a viscous altar of Jiyva.
 15457 | Lair:5   | Found a staircase to the Slime Pits.
 15795 | Lair:5   | Reached XP level 15. HP: 99/99 MP: 16/16
 16199 | Lair:6   | Entered Level 6 of the Lair of Beasts
 16738 | Lair:6   | Found a snail-covered altar of Cheibriados.
 17000 | Lair:6   | Reached skill level 15 in Fighting
 17192 | Lair:6   | Identified the +3 ring mail of Usakloen {Str+6}
 17467 | D:11     | Upgraded the game from 0.29-a0-841-g116ddc6ace to
                  | 0.29-a0-845-g6161e89988
 17472 | D:11     | Identified the +5 long sword "Coafeug" {distort, rElec rF+}
 17568 | D:11     | Found Axze's Distillery.
 17576 | D:11     | Bought a potion of heal wounds for 75 gold pieces
 17576 | D:11     | Bought a potion of heal wounds for 75 gold pieces
 17576 | D:11     | Bought a potion of curing for 45 gold pieces
 17626 | D:11     | Identified the +0 cloak of Gravitas {rF+}
 18212 | D:12     | Found Viotz's Book Boutique.
 18832 | Orc:1    | Entered Level 1 of the Orcish Mines
 18875 | Orc:1    | Found Iveniahe's Gadget Gallery.
 19048 | Orc:1    | Found a dark tunnel.
 19058 | Volcano  | Entered a volcano
 19346 | Volcano  | Found a burning altar of Makhleb.
 19351 | Volcano  | Reached XP level 16. HP: 110/110 MP: 17/17
 19438 | Volcano  | Found the +3 Mad Mage's Maulers {Infuse+∞ RegenMP Int-3}
 19915 | Orc:2    | Entered Level 2 of the Orcish Mines
 19988 | Orc:2    | Found a staircase to the Elven Halls.
 20645 | Orc:2    | Found Buass's Antique Weapon Emporium.
 20645 | Orc:2    | Found Gaasuzit's Assorted Antiques.
 20647 | Orc:2    | Found Pecuciy's Assorted Antiques.
 20647 | Orc:2    | Found Pitsu's Assorted Antiques.
 20653 | Orc:2    | Bought a potion of curing for 87 gold pieces
 20653 | Orc:2    | Bought a scroll of identify for 58 gold pieces
 20657 | Orc:2    | Bought a potion of heal wounds for 175 gold pieces
 20657 | Orc:2    | Bought a scroll of identify for 70 gold pieces
 20657 | Orc:2    | Bought a scroll of identify for 70 gold pieces
 20903 | D:13     | Found Lunuofarph's Jewellery Shoppe.
 21144 | D:13     | Noticed a tengu reaver
 21180 | D:13     | Killed a tengu reaver
 21547 | D:13     | Bought a +6 ring of dexterity for 576 gold pieces
 21845 | D:13     | Found a gate to the Vaults.
 22151 | D:14     | Reached skill level 15 in Dodging
 22216 | D:14     | Reached XP level 17. HP: 119/119 MP: 18/18
 22478 | D:14     | Identified the +8 dagger of Chagrin {pain, Int+4}
 22775 | D:15     | Entered Level 15 of the Dungeon
 23166 | D:15     | Identified the +1 ring mail of Zounlau {Contam Rampage
                  | rElec Str+4}
 23293 | D:15     | Noticed Keycw's ghost (adept GrEE)
 23322 | D:15     | Found a runed translucent gate.
 23322 | D:15     | Found a runed translucent gate.
 23322 | D:15     | Found a runed translucent gate.
 23414 | D:15     | Found a staircase to the Depths.
 23633 | D:15     | Killed Keycw's ghost
 23927 | Snake:1  | Entered Level 1 of the Snake Pit
 25000 | Snake:2  | Found Emucoshra's Weapon Emporium.
 25003 | Snake:2  | Found Kedin's Book Emporium.
 25003 | Snake:2  | Found Diattoly's Weapon Shoppe.
 25008 | Snake:2  | Found Huofigeg's Weapon Shoppe.
 25219 | Snake:2  | Reached XP level 18. HP: 128/128 MP: 17/19
 26434 | Snake:3  | Found a large runed translucent door.
 26434 | Snake:3  | Found a large runed translucent door.
 26438 | Snake:3  | Noticed inmateoo's ghost (adept TrMo)
 26734 | Snake:3  | Noticed Roxanne
 26753 | Snake:3  | Killed Roxanne
 27064 | Snake:3  | Noticed Vashnia
 27076 | Snake:3  | Killed Vashnia
 27198 | Snake:3  | Killed inmateoo's ghost
 27351 | Snake:4  | Entered Level 4 of the Snake Pit
 27625 | Snake:4  | Killed from afar by a nagaraja

Illustrated notes

Levels and vault maps discovered:
D:1:      dpeg_arrival_morbid_curiosity, layout_basic
D:2:      layout_basic, basic_altar, feat_on_display
D:3:      layout_rooms, nicolae_overflow_hidden_temple, grunt_decor_resistance,
          nrook_mini_vaults, kennysheep_big_empty_room
D:4:      layout_basic, makhleb_blood_cavern_becter, portal_sewer_entry_d
D:5:      layout_cave_pools, nicolae_ossuary_entry_catacombs, uniq_ijyb
D:6:      layout_cave_pools, lemuel_crystal_altar
D:7:      layout_basic, minmay_temple_entry_nine_rooms, serial_shops,
          nicolae_take_the_stairs, uniq_pikel, uniq_crazy_yiuf_cottage
D:8:      layout_loops_ring
D:9:      lemuel_castle_with_subvaults [lemuel_castle_interior_carwin_3],
          layout_irregular_city, mainiacjoe_overflow_surrounded_room,
          nicolae_eternal_life, minivault_23, minivault_20, serial_bayou_pond_c
D:10:     layout_basic, chequers_temple_overflow_statue_of_worship,
          dpeg_oklobed_lair, zombieorc1_lemuel, serial_shops,
          nicolae_shop_trees, uniq_erolcha
D:11:     layout_roguey, serial_glass, glass_columns_a, glass_columns_c,
          glass_columns_b, glass_columns_a, glass_columns_c, serial_shops,
          nicolae_square_shop, minmay_misc_feat_secret_circle
D:12:     layout_cross, serial_shops, shop, kennysheep_generic_room_10
D:13:     hangedman_what_comes_after_a, layout_basic, david_vaults_5,
          serial_shops, shop
D:14:     layout_rooms, infiniplex_staircase_zigzag_2
D:15:     hangedman_depths_entry_civil_slaughter, layout_irregular_city,
          serial_park_tiny_2, maelrawn_ghost_gauntlet_escape,
          chequers_serial_rivers_large_a, minmay_diamond_spiral
Lair:1:   layout_cave_pods, serial_bayou_ford_a, lemuel_fruit_fields,
          grunt_megastairs_4, serial_bayou_shore_a, serial_bayou_shore_b
Lair:2:   layout_roguey, guppyfry_snake_entry_garden, gammafunk_ghost_necromancy
Lair:3:   dreamdust_isle_of_ice, layout_misc_corridors, shoals_dummy_entry,
          portal_ice_cave_demonic_guard, gammafunk_ghost_icy,
          patterned_corridor, uniq_sonja
Lair:4:   layout_cave_shapes, basic_altar, lemuel_fruit_tree, uniq_josephine
Lair:5:   nzn_winding_woodlands_medium [nzn_winding_woodlands_5x5_three,
          nzn_winding_woodlands_5x15_parted,
          nzn_winding_woodlands_5x5_open_star,
          nzn_winding_woodlands_5x5_perimeter,
          nzn_winding_woodlands_center_diamonds,
          nzn_winding_woodlands_5x5_closed_star,
          nzn_winding_woodlands_5x5_cross, nzn_winding_woodlands_5x15_jagged,
          nzn_winding_woodlands_5x5_checkerboard], layout_long_grid,
          slime_entry_1
Lair:6:   grunt_lair_end_beastmaster, layout_big_grid, basic_altar,
          serial_bayou_pond_d, bh_autumn_forest_stairs,
          chequers_serial_rivers_micro_e
Snake:1:  nicolae_snake_nest, layout_onion_interference, grunt_ministairs_2,
          grunt_megastairs_3
Snake:2:  nicolae_snake_unarmed_stairs_patrol, layout_basic, st_stairs_10,
          minmay_shoptagon, serial_bayou_shore_b
Snake:3:  layout_honeycomb, ebering_ghost_disaster_area, grunt_megastairs_2,
          uniq_roxanne, uniq_vashnia
Snake:4:  grunt_snake_rune_pools, layout_gridlike, minmay_shop_grove
Orc:1:    layout_caves, enter_volcano_2, nicolae_shop_gadgets
Orc:2:    grunt_orc_tribal_feast, layout_caves, mines_bat_river

Skill      XL: |  1  2  3  4  5  6  7  8  9 10 11 12 13 14 15 16 17 18 |
---------------+-------------------------------------------------------+-----
Ranged Weapons | 5 6 7 8 10 12 15 17 20 22 | 22.0
Fighting       | 4 10 13 16 17 19 20 | 20.7
Dodging        | 3 7 10 12 15 17 19 | 19.2
Stealth        | |  1.0

Action                   |  1- 3 |  4- 6 |  7- 9 | 10-12 | 13-15 | 16-18 || total
-------------------------+-------+-------+-------+-------+-------+-------++-------
Melee: Unarmed           |       |       |    23 |       |       |       ||    23
       Peck              |       |       |     2 |       |       |       ||     2
       Kick              |       |       |     1 |       |       |       ||     1
 Fire: Shortbow          |   109 |   117 |   267 |       |       |       ||   493
       Longbow           |       |       |   165 |   643 |  1424 |  1624 ||  3856
  Use: Scroll            |     4 |     6 |     8 |     7 |     6 |     6 ||    37
       Potion            |       |       |     2 |     2 |     2 |     9 ||    15
Armor: Leather armour    |    14 |    16 |    30 |       |       |       ||    60
       Skin              |       |       |   115 |       |       |       ||   115
       Steam dragon scal |       |       |     1 |    20 |    25 |    23 ||    69
Dodge: Dodged            |    25 |    36 |   107 |    62 |   212 |   414 ||   856

Table legend: (Time is in decaauts)
 A = Elapsed time spent in this place.
 B = Non-inter-level travel time spent in this place.
 C = Inter-level travel time spent in this place.
 D = Time resting spent in this place.
 E = Time spent auto-exploring this place.
 F = Levels seen in this place.
 G = Mean time per level.
                   A        B        C        D        E       F      G
               +--------+--------+--------+--------+--------+-----+--------+
         Total |  23745 |  22100 |   1645 |   3937 |  13887 |  31 |  766.0 |
       Dungeon |  12169 |  11197 |    972 |   1609 |   7542 |  15 |  811.3 |
          Lair |   5336 |   4845 |    491 |    529 |   3349 |   6 |  889.3 |
     Snake Pit |   2969 |   2927 |     42 |    539 |   1933 |   4 |  742.2 |
  Orcish Mines |   1249 |   1110 |    139 |    168 |    595 |   2 |  624.5 |
         Sewer |    509 |    509 |      0 |    401 |     73 |   1 |  509.0 |
       Ossuary |   1129 |   1129 |      0 |    690 |    119 |   1 | 1129.0 |
      Ice Cave |      3 |      3 |      0 |      0 |      0 |   1 |    3.0 |
       Volcano |    377 |    377 |      0 |      0 |    274 |   1 |  377.0 |
               +--------+--------+--------+--------+--------+-----+--------+

Top non-repeatable levels by time:
 Snake:2: 1338 daAuts
     D:9: 1280 daAuts
 Ossuary: 1129 daAuts
     D:4: 1110 daAuts
  Lair:3: 1094 daAuts
  Lair:5: 1038 daAuts
     D:1: 984 daAuts
  Lair:2: 978 daAuts
  Lair:1: 934 daAuts
    D:10: 933 daAuts
    D:13: 929 daAuts
     D:7: 903 daAuts
     D:3: 875 daAuts
 Snake:3: 870 daAuts
    D:15: 817 daAuts
